 Dungeon Crawl Stone Soup version 0.27.1-33-g824d729ab1 (webtiles) character file.

Game seed: 10250356622884371026

207 jlumianski the Skirmisher (level 5, -2/33 HPs)
             Began as a Gargoyle Monk on Dec 15, 2021.
             Slain by an ufetubus (3 damage)
             ... on level 5 of the Dungeon.
             The game lasted 00:09:14 (2620 turns).

jlumianski the Skirmisher (Gargoyle Monk)           Turns: 2620, Time: 00:09:14

Health: -2/33      AC: 12    Str: 15    XL:     5   Next: 85%
Magic:  5/5        EV:  7    Int: 11    God:
Gold:   155        SH:  0    Dex: 12    Spells: 4/4 levels left

rFire    . . .     SeeInvis .   f - +0 war axe
rCold    + . .     Faith    .   (no shield)
rNeg     + . .     Spirit   .   u - +0 chain mail
rPois    ∞         Reflect  .   (no helmet)
rElec    +         Harm     .   (no cloak)
rCorr    .         Rampage  .   (no gloves)
Will     .....                  (no boots)
Stlth    ..........             (no amulet)
HPRegen  0.11/turn              g - ring of protection from cold
MPRegen  0.09/turn              v - +4 ring of slaying

@: very slightly contaminated, invisible
A: sickness immunity, AC +4, negative energy resistance 1, electricity
resistance, torment resistance 1, petrification resistance
a: no special abilities


You were on level 5 of the Dungeon.
You visited 1 branch of the dungeon, and saw 5 of its levels.

You collected 155 gold pieces.

Inventory:

Hand Weapons
 a - a +0 hand axe
 f - a +0 war axe (weapon)
 h - a +0 hunting sling
 n - a +1 dagger of draining
Missiles
 e - 100 stones
 m - 2 boomerangs (quivered)
 q - 4 silver boomerangs
 w - 30 bolts
 y - 4 poisoned darts
Armour
 b - a +0 robe
 d - a +0 scale mail
 j - a +0 scale mail
 u - a +0 chain mail (worn)
Jewellery
 g - a ring of protection from cold (left hand)
 v - a +4 ring of slaying (right hand)
Scrolls
 i - a scroll of teleportation
 l - a scroll of noise {unknown}
 o - a scroll of immolation
 s - a scroll of enchant armour {unknown}
 t - a scroll of amnesia {unknown}
 x - a scroll of enchant weapon {unknown}
 A - a scroll of vulnerability {unknown}
 B - a scroll of torment {unknown}
Potions
 k - a potion of magic
 p - a potion of berserk rage {unknown}
 r - a potion of flight {unknown}
 z - a potion of lignification {unknown}


   Skills:
 + Level 4.3 Fighting
 + Level 4.2 Axes
 + Level 0.6 Slings
 + Level 2.2 Armour
 + Level 2.8 Dodging
 + Level 2.4 Stealth


You had 4 spell levels left.
You didn't know any spells.
Your spell library contained the following spells:

 Spells                   Type           Power      Damage    Failure   Level
 Apportation              Tloc           0%         N/A       100%        1
 Alistair's Intoxication  Tmut/Pois      0%         N/A       100%        5
 Invisibility             Hex            0%         N/A       100%        6


Dungeon Overview and Level Annotations

Branches:
Dungeon (5/15)
 Temple: D:4-7

Altars:
Fedhas


Innate Abilities, Weirdness & Mutations

You are immune to sickness and miasma.
Your stone body is resilient. (AC +4)
You are immune to poison.
You resist negative energy. (rN+)
You are resistant to electric shocks. (rElec)
You are resistant to unholy torment.
You are immune to petrification.


Message History

The ufetubus is severely wounded.
The ufetubus hits you but does no damage. x2
The ufetubus hits you. The ufetubus barely misses you.
You barely miss the ufetubus.
The ufetubus is severely wounded.
The ufetubus hits you but does no damage. x2
The ufetubus hits you.
* * * LOW HITPOINT WARNING * * *
The ufetubus hits you but does no damage.
You barely miss the ufetubus.
The ufetubus is severely wounded.
The ufetubus barely misses you.
The ufetubus hits you but does no damage.
The ufetubus hits you.
* * * LOW HITPOINT WARNING * * *
The ufetubus hits you but does no damage.
You closely miss the ufetubus.
The ufetubus is severely wounded.
The ufetubus hits you.
* * * LOW HITPOINT WARNING * * *
The ufetubus hits you.
* * * LOW HITPOINT WARNING * * *
The ufetubus closely misses you.
The ufetubus hits you but does no damage.
You fade into invisibility!
The ufetubus barely misses you. The ufetubus closely misses you. x2
The ufetubus hits you but does no damage.
You are very lightly contaminated with residual magic.
The ufetubus hits you but does no damage.
The ufetubus hits you.
* * * LOW HITPOINT WARNING * * *
The ufetubus hits you but does no damage.
The ufetubus barely misses you.
A hound comes into view.
The hound barks!
A hound comes into view.
The hound completely misses you.
The hound barks!
The ufetubus hits you.
You die...

#.# #....... #.# .#
#..#.### #.# #.#
#..#.# #.# #.# ###
#.^#.# #W# #.# ..#
#....# #.# #.# #.#
#..### #.# #(# #.#
#..# #.####.# #.#
#..#####
#......#########@#
#.....O#
#####..........5h#
#.......
#..#########.......
.......>. #..#
#.#######.#.####.#
#..# #.# #.#.# .#
#..# ... . #.# #
#..# #h. .. ..#
#... #..# ## ###
#... ...


You could see 2 hounds and an ufetubus.

Vanquished Creatures
  A phantom (D:5)
  A hound (D:5)
  An iguana (D:5)
  2 adders
  A dart slug (D:2)
  An orc (D:3)
  5 endoplasms
  5 giant cockroaches
  3 goblins
  5 hobgoblins
  5 jackals
  6 kobolds
  A quokka (D:1)
  4 ball pythons
  4 bats
  3 frilled lizards
  8 rats
56 creatures vanquished.

Notes
Turn   | Place    | Note
-------+----------+-------------------------------------------
     0 | D:1      | jlumianski the Gargoyle Monk began the quest for the Orb.
     0 | D:1      | Reached XP level 1. HP: 14/14 MP: 1/1
   125 | D:5      | Entered Level 5 of the Dungeon
   155 | D:5      | Noticed an ogre
   209 | D:3      | Reached XP level 2. HP: 9/20 MP: 2/2
   530 | D:2      | Reached XP level 3. HP: 9/24 MP: 3/3
   737 | D:2      | Found a blossoming altar of Fedhas.
  1195 | D:1      | Found a faded altar of an unknown god.
  1328 | D:1      | Reached XP level 4. HP: 28/29 MP: 4/4
  2568 | D:5      | Reached XP level 5. HP: 25/33 MP: 5/5
  2572 | D:5      | Noticed a phantom
  2606 | D:5      | Killed a phantom
  2613 | D:5      | HP: 1/33 [ufetubus (1)]
  2620 | D:5      | Slain by an ufetubus

Illustrated notes

Levels and vault maps discovered:
D:1:      nzn_arrival_settlement, layout_rooms,
          hellmonk_ecumenical_altar_blasted, minmay_octomino_c4
D:2:      layout_basic, basic_altar
D:3:      layout_basic, fountainhead, hangedman_decor_points,
          amcnicky_mini_rare_corridor_liquid
D:4:      cheibrodos_barr_body, layout_basic, mainiacjoe_overflow_alcove_1,
          minmay_misc_feat_tower
D:5:      layout_loops_ring, serial_shops, kennysheep_little_box,
          guppyfry_shop_venom, uniq_duvessa

Skill      XL: |  1  2  3  4  5 |
---------------+----------------+-----
Axes           | 3 4 |  4.2
Fighting       | 4 |  4.3
Armour         | 2 |  2.2
Slings         | |  0.6
Dodging        | |  2.8
Stealth        | |  2.4

Action                   |  1- 3 |  4- 6 || total
-------------------------+-------+-------++-------
Melee: Hand axe          |    26 |       ||    26
       War axe           |    78 |    63 ||   141
 Fire: Hunting sling     |     5 |     8 ||    13
Throw: Boomerang         |       |     1 ||     1
  Use: Scroll            |       |     4 ||     4
       Potion            |       |     1 ||     1
Armor: Scale mail        |    90 |     4 ||    94
       Robe              |     1 |       ||     1
       Chain mail        |       |    51 ||    51
Dodge: Dodged            |    81 |    57 ||   138
